cohdb
Replays
Latest Replays
All Replays
Popular Replays
Top Player Replays
Match Explorer
How It Works
Community
CoH3 Stats
Reddit
Sign in to upload your games and track your stats! →
Sign in with Steam
Match 32826129
Unlisted
Match 32826129
Overview
Messages
Build Orders
End
Construct Barracks
Selects Airborne Battlegroup
Selects Heavy Machine Gun Paradrop
Riflemen Squad
Riflemen Squad
M1 Mortar Team
Grenade Package
Heavy Machine Gun Paradrop
Infantry Support Center
Construct Motor Pool
Selects Recon Loiter
Selects Supply Drop
M8 Greyhound Armored Car
M1918 Browning Automatic Rifles
M1 Anti-tank Gun Team
Recon Loiter
Engineer Squad
Construct Tank Depot
Selects Carpet Bombing Run
Carpet Bombing Run
Selects Paratrooper Squad Paradrop
Paratrooper Squad Paradrop
八坂真崎
GOD
Microsoft Office Excel
Microsoft Office Word
0
0
Comments
sign in to comment!
No comments posted yet!